 Dungeon Crawl Stone Soup version 0.23.2-40-g277498a (webtiles) character file.

Game seed: 4549654349363486046

91 Fang the Skirmisher (level 4, 0/43 HPs)
             Began as a Gargoyle Berserker on Sept 3, 2019.
             Was a Believer of Trog.
             Slain by an orc wizard
             ... wielding a +0 dagger
              (1 damage)
             ... on level 3 of the Dungeon on Sept 4, 2019.
             The game lasted 00:06:35 (2183 turns).

Fang the Skirmisher (Gargoyle Berserker)            Turns: 2183, Time: 00:06:36

Health: 0/43       AC:  5    Str: 27    XL:     4   Next: 57%
Magic:  4/4        EV: 12    Int:  7    God:    Trog [**....]
Gold:   109        SH:  0    Dex:  9    Spells: 3/3 levels left

rFire    . . .     SeeInvis .   a - +0 hand axe
rCold    . . .     Gourm    .   (no shield)
rNeg     + . .     Faith    .   b - +0 animal skin
rPois    ∞         Spirit   .   (no helmet)
rElec    +         Reflect  .   (no cloak)
rCorr    .         Harm     .   (no gloves)
MR       +....                  (no boots)
Stlth    ..........             (no amulet)
HPRegen  0.14/turn              n - ring of protection from magic
MPRegen  0.09/turn              (no ring)

@: berserking (expiring), very quick
A: negative energy resistance 1, electricity resistance, unbreathing,
petrification resistance, rot immunity, AC +3
a: Berserk, Trog's Hand, Renounce Religion


You were on level 3 of the Dungeon.
You worshipped Trog.
Trog was pleased with you.
You were very hungry.

You visited 1 branch of the dungeon, and saw 3 of its levels.

You collected 109 gold pieces.

Inventory:

Hand Weapons
 a - a +0 hand axe (weapon)
Armour
 b - a +0 animal skin (worn)
Jewellery
 n - a ring of protection from magic (left hand)
Scrolls
 d - a scroll of fear {unknown}
 f - 2 scrolls of amnesia {unknown}
 g - 2 scrolls of enchant armour {unknown}
 i - 3 scrolls of remove curse {unknown}
 k - a scroll of teleportation {unknown}
 l - 2 scrolls of random uselessness {unknown}
 m - a scroll of identify {unknown}
 o - a scroll of noise {unknown}
 p - a scroll of immolation {unknown}
Potions
 e - a potion of agility {unknown}
 j - a potion of brilliance {unknown}
 q - a potion of curing {unknown}
Comestibles
 c - 3 rations
 h - 12 chunks of flesh


   Skills:
 + Level 4.0 Fighting
 + Level 3.2 Axes
 + Level 3.1 Armour
 + Level 2.3 Dodging


You had 3 spell levels left.
You didn't know any spells.
Your spell library was empty.

Dungeon Overview and Level Annotations

Branches:
Dungeon (3/15)

Altars:


Innate Abilities, Weirdness & Mutations

You are resistant to torment.
Your stone body is resilient. (AC +3)
You are immune to poison.
You resist negative energy. (rN+)
You are resistant to electric shocks. (rElec)
You can survive without breathing.
You are immune to petrification.
You are immune to rotting.


Message History

You closely miss the orc. You hit something. You slash the orc!
You kill the orc!
Trog accepts your kill.
You hit the orc wizard but do no damage.
The orc wizard hits you but does no damage.
The orc closely misses you. Something hits you.
* * * LOW HITPOINT WARNING * * *
You closely miss the orc wizard. You closely miss the orc. You hit something.
The orc wizard misses you.
The orc wizard hits you but does no damage.
You slash the orc wizard!
The orc wizard is severely wounded.
You barely miss the orc. You closely miss something.
Something barely misses you. The orc wizard barely misses you.
You closely miss the orc wizard.
The orc wizard is severely wounded.
You closely miss something. You closely miss the orc.
The orc hits you but does no damage. Something hits you but does no damage.
The orc wizard hits you with a +0 dagger.
You die...

## .# .# #
#.#. #..#
#..## #...#
#.÷# #####o@##
#.....oo# .
###....)###...
#............
#.....###....
#....(# ..
##...## #..(#
#o..#


You could see an orc wizard and 2 orcs.

Vanquished Creatures
  2 adders
  A worm (D:2)
  A dart slug (D:2)
  2 orcs (D:3)
  A ball python (D:1)
  4 bats
  3 giant cockroaches
  11 goblins
  11 hobgoblins
  6 jackals (D:3)
  11 kobolds
  4 frilled lizards
  2 rats
59 creatures vanquished.

Notes
Turn   | Place    | Note
-------+----------+-------------------------------------------
     0 | D:1      | Fang the Gargoyle Berserker began the quest for the Orb.
     0 | D:1      | Reached XP level 1. HP: 14/14 MP: 1/1
   456 | D:1      | Reached XP level 2. HP: 18/19 MP: 2/2
   792 | D:1      | Reached XP level 3. HP: 20/23 MP: 3/3
  1372 | D:1      | Reached ** piety under Trog
  1823 | D:2      | Reached XP level 4. HP: 24/29 MP: 4/4
  2165 | D:3      | Reached skill level 4 in Fighting
  2180 | D:3      | HP: 1/43 [something (3)]
  2183 | D:3      | Slain by an orc wizard

Skill      XL: |  1  2  3  4 |
---------------+-------------+-----
Axes           | 3 |  3.2
Dodging        | 2 |  2.3
Armour         | 3 |  3.1
Fighting       | 4 |  4.0

Action                   |  1- 3 |  4- 6 || total
-------------------------+-------+-------++-------
Melee: Hand axe          |   135 |    45 ||   180
Invok: Berserk           |       |     1 ||     1
  Eat: Chunk             |     3 |     1 ||     4
Armor: Animal skin       |    60 |    30 ||    90
Dodge: Dodged            |   113 |    64 ||   177
